 Dungeon Crawl Stone Soup version 0.30-a0-556-g0a0f5a245f (webtiles) character file.

Game seed: 16982381231098713222

176 M4edhros the Poker (level 5, -3/37 HPs)
             Began as an Octopode Chaos Knight on Dec 27, 2022.
             Was a Plaything of Xom.
             Slain by a phantom (5 damage)
             ... on level 4 of the Dungeon.
             The game lasted 00:03:06 (1154 turns).

M4edhros the Poker (Octopode Chaos Knight)          Turns: 1154, Time: 00:03:07

Health: -3/37      AC:  1    Str: 10      XL:     5   Next: 56%
Magic:  5/5        EV: 14    Int: 12      God:    Xom [.*....]
Gold:   66         SH:  0    Dex: 12 (13) Spells: 4/4 levels left

rFire   . . .      SeeInvis .    a - +0 spear (chaos)
rCold   . . .      Faith    .    (no shield)
rNeg    . . .      Spirit   .    (helmet restricted)
rPois   .          Reflect  .    c - amulet of magic regeneration
rElec   .          Harm     .    (no ring)
rCorr   .          Rampage  .    (no ring)
Will    .....                    (no ring)
Stlth   ++                       (no ring)
HPRegen 0.26/turn                (no ring)
MPRegen 0.49/turn                (no ring)
                                 (no ring)
                                 (no ring)

@: no status effects
A: almost no armour, amphibious, 8 rings, camouflage 1, gelatinous body 1,
(nimble swimmer 1), tentacles, deterioration 1, dopey 1, weak 1
a: Renounce Religion


You were on level 4 of the Dungeon.
You worshipped Xom.
You were a plaything of Xom.
You visited 1 branch of the dungeon, and saw 4 of its levels.

You collected 66 gold pieces.

Inventory:

Hand Weapons
 a - a +0 spear of chaos (weapon)
Jewellery
 c - an amulet of magic regeneration (around mantle)
 f - a ring of ice
 j - an amulet of reflection
 m - a ring of fire
Scrolls
 d - a scroll of blinking {unknown}
 g - a scroll of identify {unknown}
Potions
 h - a potion of might
Miscellaneous
 b - a piece from Xom's chessboard (3/15) (quivered)


   Skills:
 + Level 4.2 Fighting
 + Level 4.2 Polearms
 + Level 3.8 Dodging


You had 4 spell levels left.
You didn't know any spells.
Your spell library contained the following spells:

 Spells                   Type           Power      Damage    Failure   Level
 Shock                    Conj/Air       0%         1d3       32%         1
 Dazzling Flash           Conj/Hex       0%         N/A       69%         3
 Ignite Poison            Fire/Tmut/Pois 0%         N/A       69%         3
 Kindle Blastsparks       Fire/Tloc/Air  0%         2d10      69%         3
 Stone Arrow              Conj/Erth      0%         3d7       69%         3
 Swiftness                Air            0%         N/A       69%         3
 Airstrike                Air            0%         2d(0-16)  97%         4
 Iskenderun's Mystic Bla  Conj/Tloc      0%         2d3       97%         4
 Freezing Cloud           Conj/Ice/Air   0%         6-21      100%        5
 Starburst                Conj/Fire      0%         6d3       100%        6
 Lehudib's Crystal Spear  Conj/Erth      0%         10d2      100%        8
 Animate Armour           Summ/Erth      Unusable   N/A       N/A         4

Dungeon Overview and Level Annotations

Branches:
Dungeon (4/15)
 Temple: D:4-7

Altars:
The Shining One


Innate Abilities, Weirdness & Mutations

You cannot wear most types of armour.
You are amphibious.
You can wear up to eight rings at the same time.
Your skin changes colour to match your surroundings (Stealth+).
Your rubbery body absorbs attacks. (AC +1, EV +1)
((You are camouflaged when in or above water. (Stealth+)))
You have tentacles for arms and can constrict up to eight enemies at once.
Your body sometimes deteriorates upon taking damage.
You are dopey. (Int -2)
You are weak. (Str -2)


Message History

The gnoll shouts!
A phantom appears from thin air!
Reactivating autopickup.
The phantom attacks as you move away! The phantom hits you.
You see here a +0 scale mail.
You make a move on Xom's chessboard...
The phantom easily resists.
The phantom misses you.
You make a move on Xom's chessboard...
The phantom easily resists.
The phantom hits you.
You make a move on Xom's chessboard...
The gnoll suddenly stops moving!
The phantom hits you. The phantom attacks as you move away!
The phantom hits you.
You make a move on Xom's chessboard...
The phantom easily resists.
The phantom hits you. The phantom attacks as you move away!
The phantom hits you.
It was a potion of brilliance.
You feel clever all of a sudden. The phantom barely misses you.
It was a potion of cancellation.
Your magical effects are unravelling.
You feel magically purged.
Xom roars with laughter!
You feel a little less clever now. The phantom completely misses you.
You make a move on Xom's chessboard...
The gnoll resists with significant effort.
The phantom hits you.
* * * LOW HITPOINT WARNING * * *
The phantom blinks!
You blink.
You make a move on Xom's chessboard...
The phantom seems to grow stronger.
The phantom barely misses you.
You make a move on Xom's chessboard...
The phantom easily resists.
The phantom hits you!
* * * LOW HITPOINT WARNING * * *
Your body deteriorates!
You feel clumsy.
Okay, then.
You make a move on Xom's chessboard...
The phantom flickers and vanishes!
Deactivating autopickup; reactivate with Ctrl-A.
Something hits you.
You die...

#..≈≈g# ......##.....## ..
#g#≈≈## #.....#.......#..#
#.#≈≈###.......(..........
#.##≈≈≈# ......#.....#....
#g####§# ##....##...##....
#[# ### #.....#.....#....
#.# ####...............
#g######.#....#.......#..#
#........@....##.....###..
#######.{........###..#...
##.###....#.#....... #.#
#...........#.. ###
#.....))....##.
#...........#..
###....#....÷..
##...##..#... ##.....###..


There were no monsters in sight!

Vanquished Creatures
  A necrophage (D:4)
  A howler monkey (D:4)
  A jelly (D:4)
  3 adders
  A dart slug (D:1)
  A bat (D:2)
  A giant cockroach (D:3)
  2 goblins
  3 hobgoblins
  2 quokkas
  A ball python (D:4)
  A frilled lizard (D:2)
  3 kobolds
21 creatures vanquished.

Notes
Turn   | Place    | Note
-------+----------+-------------------------------------------
     0 | D:1      | M4edhros the Octopode Chaos Knight began the quest for the
                  | Orb.
     0 | D:1      | Reached XP level 1. HP: 16/16 MP: 1/1
   151 | D:1      | Reached XP level 2. HP: 21/21 MP: 2/2
   268 | D:1      | XOM: silly message
   352 | D:2      | Found a glowing golden altar of the Shining One.
   372 | D:2      | XOM: silly message
   555 | D:3      | Reached XP level 3. HP: 7/26 MP: 3/3
   852 | D:4      | Noticed a necrophage
   858 | D:4      | Killed a necrophage
   859 | D:4      | Reached XP level 4. HP: 33/33 MP: 4/4
   893 | D:4      | Reached XP level 5. HP: 17/37 MP: 5/5
   982 | D:4      | XOM: silly message
  1092 | D:4      | Noticed a phantom
  1104 | D:4      | XOM: give mutations
  1104 | D:4      | Gained mutation: You are weak. (Str -2) [Xom's mischief]
  1104 | D:4      | Gained mutation: Your body sometimes deteriorates upon
                  | taking damage. [Xom's mischief]
  1104 | D:4      | Gained mutation: You are dopey. (Int -2) [Xom's mischief]
  1153 | D:4      | HP: 1/37 [phantom (9)]
  1154 | D:4      | Slain by a phantom

Illustrated notes

Levels and vault maps discovered:
D:1:      spicycebolla_arrival_xxxplode, layout_loops_ring,
          ebering_ecumenical_altar_mist, minmay_misc_feat_diagonals,
          grunt_decor_clamped
D:2:      layout_rooms, basic_altar, kennysheep_generic_room_14
D:3:      layout_loops_ring, chequers_temple_overflow_statue_of_worship,
          uniq_natasha
D:4:      nicolae_cairo_tiling_large_dashed, layout_cave_pools, serial_rivers,
          chequers_serial_rivers_large_a, chequers_serial_rivers_large_b,
          chequers_serial_rivers_micro_a, chequers_serial_rivers_micro_e,
          chequers_serial_rivers_micro_a, chequers_serial_rivers_small_3

Skill      XL: |  1  2  3  4 |
---------------+-------------+-----
Dodging        | 3 |  3.8
Fighting       | 4 |  4.2
Polearms       | 4 |  4.2

Action                   |  1- 3 |  4- 6 || total
-------------------------+-------+-------++-------
Melee: Spear             |    34 |    16 ||    50
       Constrict         |     9 |     1 ||    10
       Tentacles         |     2 |       ||     2
Evoke: Piece from Xom's  |       |    12 ||    12
  Use: Potion            |     3 |     3 ||     6
 Stab: Sleeping          |     3 |     1 ||     4
Armor: Skin              |     2 |       ||     2
Dodge: Dodged            |     9 |    13 ||    22

Table legend: (Time is in decaauts)
 A = Elapsed time spent in this place.
 B = Non-inter-level travel time spent in this place.
 C = Inter-level travel time spent in this place.
 D = Time resting spent in this place.
 E = Time spent auto-exploring this place.
 F = Levels seen in this place.
 G = Mean time per level.
                   A        B        C        D        E       F      G
               +--------+--------+--------+--------+--------+-----+--------+
         Total |   1162 |   1116 |     46 |      4 |    853 |   4 |  290.5 |
       Dungeon |   1162 |   1116 |     46 |      4 |    853 |   4 |  290.5 |
               +--------+--------+--------+--------+--------+-----+--------+

Top non-repeatable levels by time:
     D:4: 490 daAuts
     D:1: 345 daAuts
     D:3: 293 daAuts
     D:2: 33 daAuts
